 Dungeon Crawl Stone Soup version 0.24.0-125-gc4c63601f3 (webtiles) character file.

Game seed: 10848482614348329924, levelgen mode: deterministic

59 LraC the Grave Robber (level 3, -6/24 HPs)
             Began as a Demonspawn Necromancer on Mar 3, 2020.
             Mangled by a gnoll
             ... wielding a +0 whip
              (9 damage)
             ... on level 2 of the Dungeon.
             The game lasted 00:32:09 (1527 turns).

LraC the Grave Robber (Demonspawn Necromancer)      Turns: 1527, Time: 00:32:09

Health: -6/24      AC:  2    Str: 11      XL:     3   Next: 78%
Magic:  7/7        EV: 12    Int: 14 (17) God:
Gold:   54         SH:  0    Dex: 12 (13) Spells: 2/7 levels left

rFire    . . .     SeeInvis .   e - +0 dagger
rCold    . . .     Gourm    .   (no shield)
rNeg     . . .     Faith    .   f - +0 robe
rPois    .         Spirit   .   (no helmet)
rElec    .         Reflect  .   (no cloak)
rCorr    .         Harm     .   (no gloves)
MR       .....                  (no boots)
Stlth    ++........             (no amulet)
HPRegen  0.08/turn              h - +3 ring of strength
MPRegen  0.10/turn              (no ring)

@: no status effects
A: powered by death 1
a: no special abilities


You were on level 2 of the Dungeon.
You were not hungry.

You visited 1 branch of the dungeon, and saw 2 of its levels.

You collected 54 gold pieces.

Inventory:

Hand Weapons
 b - a +0 club
 e - a +0 dagger (weapon)
 g - a +0 whip
 j - a +0 club
 l - a cursed -2 dagger
 m - a +0 dagger
 n - a +0 dagger
Missiles
 d - 39 stones (quivered)
 i - 36 arrows
Armour
 a - a +0 robe
 f - a +0 robe (worn)
Jewellery
 h - a +3 ring of strength (left hand)
Scrolls
 k - a scroll of identify
Comestibles
 c - 2 rations


   Skills:
 + Level 2.1 Dodging
 + Level 1.8 Stealth
 + Level 0.1 Unarmed Combat
 + Level 2.8 Spellcasting
 + Level 5.1 Necromancy


You had 2 spell levels left.
You knew the following spells:

 Your Spells              Type           Power        Failure   Level  Hunger
a - Pain                  Necr           ###.         2%          1    #......
b - Animate Skeleton      Necr           N/A          2%          1    #......
c - Regeneration          Chrm/Necr      #.........   22%         3    ###....

Your spell library contained the following spells:

 Spells                   Type           Power        Failure   Level  Hunger
 Vampiric Draining        Necr           ###.......   8%          3    ###....
 Animate Dead             Necr           N/A          26%         4    #####..


Dungeon Overview and Level Annotations

Branches:
Dungeon (2/15)

Altars:


Innate Abilities, Weirdness & Mutations

You regenerate a little health from kills.


Message History

Casting: Pain (safe; 2% risk of failure)
Confirm with . or Enter, or press ? or * to list all spells.
Your skin crawls.
Your skin is crawling a little less now.
Your skin stops crawling.
Casting: Regeneration (safe; 22% risk of failure)
Confirm with . or Enter, or press ? or * to list all spells.
Your skin crawls.
Your skin is crawling a little less now.
Your skin stops crawling.
There is a stone staircase leading down here.
You climb downwards.
The gnoll hits you with a +0 whip. The gnoll hits you with a +0 flail!
Ouch! That really hurt!
The gnoll hits you with a +0 whip.
* * * LOW HITPOINT WARNING * * *
There is a stone staircase leading up, spattered with blood here.
You can't go down here!
The gnoll closely misses you. The gnoll hits you with a +0 whip!
You die...

#.........#
#..#......#
#.##......#
#.####.##.# #.#
##.##.#
#.###...#.#
#.....#...#
#g.##...###
#@g###@##
.#######..###.#
..............#
########..#####
#..# #..# #..#
#..# #..#


You could see 2 gnolls.

Vanquished Creatures
  Jessica (D:2)
  An ooze (D:2)
  2 dart slugs (D:1)
  2 bats (D:1)
  A giant cockroach (D:1)
  3 hobgoblins (D:1)
  3 jackals (D:1)
  3 kobolds (D:1)
  2 frilled lizards
  2 rats (D:1)
20 creatures vanquished.

Vanquished Creatures (collateral kills)
  2 hobgoblins (D:1)
  A kobold (D:1)
  2 bats (D:1)
  2 goblins (D:1)
  A rat (D:1)
8 creatures vanquished.

Grand Total: 28 creatures vanquished

Notes
Turn   | Place    | Note
-------+----------+-------------------------------------------
     0 | D:1      | LraC the Demonspawn Necromancer began the quest for the
                  | Orb.
     0 | D:1      | Reached XP level 1. HP: 13/13 MP: 3/3
    73 | D:1      | Learned a level 1 spell: Animate Skeleton
   229 | D:1      | Gained mutation: You regenerate a little health from kills.
                  | [demonic ancestry]
   229 | D:1      | Reached XP level 2. HP: 6/19 MP: 1/5
   969 | D:2      | Noticed Jessica
   994 | D:2      | Reached XP level 3. HP: 10/24 MP: 3/6
   998 | D:2      | HP: 1/24 [Jessica/nerve-wracking pain (8)]
  1292 | D:2      | Killed Jessica
  1292 | D:2      | Reached skill level 5 in Necromancy
  1357 | D:2      | Learned a level 3 spell: Regeneration
  1527 | D:2      | Mangled by a gnoll

Levels and vault maps discovered:
D:1:      minmay_arrival_four_circles, layout_basic
D:2:      layout_loops_ring, lemuel_crystal_altar, grunt_qazlal_sundering,
          uniq_jessica, uniq_robin

Skill      XL: |  1  2  3 |
---------------+----------+-----
Dodging        | 2 |  2.1
Necromancy     | 5 |  5.1
Stealth        | |  1.8
Unarmed Combat | |  0.1
Spellcasting   | |  2.8

Action                   || total
-------------------------++-------
Melee: Unarmed           ||     9
       Club              ||     3
       Dagger            ||    27
 Cast: Pain              ||    45
       Animate Skeleton  ||    15
       Regeneration      ||     3
  Use: Scroll            ||     3
       Potion            ||     1
 Stab: Distracted        ||     1
  Eat: Chunk             ||     1
       Ration            ||     1
Armor: Robe              ||     2
Dodge: Dodged            ||    44
